 Dungeon Crawl Stone Soup version 0.31-a0-95-g6fa058ef04 (webtiles) character file.

Game seed: 4307360016274696779

3787 Pooter the Cleaver (level 9, -4/82 HPs)
             Began as a Minotaur Berserker on May 26, 2023.
             Was a Priest of Trog.
             Slain by a wight
             ... wielding a +0 halberd
              (13 damage)
             ... on level 7 of the Dungeon.
             The game lasted 00:29:56 (7142 turns).

Pooter the Cleaver (Minotaur Berserker)             Turns: 7142, Time: 00:29:57

Health: -4/82      AC: 13    Str: 31    XL:     9   Next: 95%
Magic:  8/8        EV:  8    Int:  4    God:    Trog [***...]
Gold:   295        SH:  0    Dex: 11    Spells: 8/8 levels left

rFire   . . .        a - +4 war axe
rCold   . . .        (no shield)
rNeg    . . .        i - +0 plate armour
rPois   .            (helmet restricted)
rElec   .            s - +0 cloak
rCorr   .            (no gloves)
SInv    +            p - +0 pair of boots
Will    ++...        (no amulet) Stlth
                     S - ring of see invisible
HPRegen 1.33/turn    y - +6 ring of strength
MPRegen 0.11/turn

%: no passive effects
@: strong-willed, on berserk cooldown, regenerating, hasted, very quick
A: horns 2, retaliatory headbutt
a: Renounce Religion, Berserk, Trog's Hand


You were on level 7 of the Dungeon.
You worshipped Trog.
Trog was most pleased with you.
You visited 1 branch of the dungeon, and saw 7 of its levels.

You collected 334 gold pieces.
You spent 39 gold pieces at shops.

Inventory:

Hand Weapons
 a - a +4 war axe (weapon)
   (You took it off an orc on level 4 of the Dungeon)
 b - a +0 orcbow
   (You took it off an orc warrior on level 6 of the Dungeon)
 d - a +1 dire flail of draining
   (You took it off Blork the orc on level 4 of the Dungeon)
 r - a +0 halberd
   (You took it off a gnoll on level 3 of the Dungeon)
 u - a +0 morningstar
   (You took it off an orc priest on level 4 of the Dungeon)
 v - a +3 quarterstaff of chaos
   (You took it off Crazy Yiuf on level 4 of the Dungeon)
 z - a +0 trident of protection
   (You took it off a gnoll sergeant on level 5 of the Dungeon)
Missiles
 c - 3 boomerangs of dispersal {!f}
 j - 17 poisoned darts (quivered)
 Q - 28 stones
Armour
 i - a +0 plate armour (worn)
   (You took it off an orc warrior on level 6 of the Dungeon)
 p - a +0 pair of boots (worn)
   (You found it on level 3 of the Dungeon)
 s - a +0 cloak (worn)
   (You took it off Crazy Yiuf on level 4 of the Dungeon)
Jewellery
 y - a +6 ring of strength (right hand)
   (You found it on level 5 of the Dungeon)
 S - a ring of see invisible (left hand)
   (You found it on level 5 of the Dungeon)
Wands
 f - a wand of flame (26)
   (You took it off Maggie on level 7 of the Dungeon)
Scrolls
 e - 2 scrolls of fear
 g - a scroll of noise {!r}
 h - 3 scrolls of immolation {!r}
 o - a scroll of blinking
 q - a scroll of fog
 t - 2 scrolls of teleportation {@r4}
Potions
 l - a potion of ambrosia {unknown}
 w - a potion of mutation {unknown}
 A - a potion of resistance {unknown}
 B - 3 potions of cancellation {unknown}
 C - 2 potions of curing {@q1}


   Skills:
 + Level 8.4 Fighting
 * Level 11.2 Axes
 * Level 8.5 Ranged Weapons
 - Level 2.4 Armour
 - Level 2.1 Dodging
 - Level 4.2 Stealth


You had 8 spell levels left.
You didn't know any spells.
Your spell library was empty.

Dungeon Overview and Level Annotations

Branches:
Dungeon (7/15)             Temple (0/1) D:5

Altars:

Shops:
D:5 **[   D:6 ([:[


Innate Abilities, Weirdness & Mutations

You have a pair of horns on your head.
You reflexively headbutt those who attack you in melee.


Message History

Joseph unwields a +0 sling.
Joseph wields a +0 heavy quarterstaff.
Joseph hits you with a +0 heavy quarterstaff!!
* * * LOW HITPOINT WARNING * * *
Things that are here:
a +0 giant spiked club; a +0 trident; an ogre corpse You feel yourself speed up.
The wight hits you with a +2 hand axe.
* * * LOW HITPOINT WARNING * * *
Joseph zaps a wand.
The puff of flame hits you but does no damage.
The wight hits you with a +2 hand axe.
* * * LOW HITPOINT WARNING * * *
You feel drained.
* * * LOW HITPOINT WARNING * * *
You barely miss Joseph. You hit the wight but do no damage.
Joseph hits you with a +0 heavy quarterstaff!
* * * LOW HITPOINT WARNING * * *
The wight barely misses you.
You slice Joseph!! You slash the wight! The wight hits you but does no damage.
You closely miss Joseph. You headbutt Joseph! You closely miss the wight.
Joseph hits you with a +0 heavy quarterstaff.
* * * LOW HITPOINT WARNING * * *
The wight closely misses you. You furiously retaliate!
You headbutt the wight. You barely miss Joseph. You slash the wight!
Joseph zaps a wand.
The puff of flame hits you but does no damage.
The wight hits you with a +2 hand axe!
* * * LOW HITPOINT WARNING * * *
Unknown command.
You barely miss Joseph. You headbutt Joseph!
You hit the wight but do no damage. Joseph barely misses you.
You furiously retaliate!
You headbutt Joseph.
Unknown command.
You slice Joseph!! You headbutt Joseph.
You kill Joseph!
Trog accepts your kill.
You hit the wight but do no damage. The wight hits you but does no damage.
Your life force feels restored.
Your Axes skill increases to level 11!
You slice the wight!!
You destroy the wight!
Trog accepts your kill.
You hit the wight.
You destroy the wight!
Trog accepts your kill.
You feel yourself speed up.
You slice the wight!!
You destroy the wight!
Trog accepts your kill.
The wight hits you from afar with a +0 halberd!
You die...

.......... ###....[..#
...# #........ ..(#
#.......# ...# #. [....#
..## ##. #.##.# ....## .
.. #)##.# #......
..##.##....######)z.....
#...)#).........@)#
#..))........##......
######.#........# .....
#....#.######...........
#.##.#)# ....~~~~≈~~.#
#.#..#.# ###..~##### .#
#.#.##.# #..~# .
#.#....# ...≈# #.######
...~#


You could see a wight.

Vanquished Creatures
  Joseph (D:7)
  Maggie (D:7)
  Grinder (D:4)
  A steam dragon (D:6)
  Menkaure (D:4)
  2 water moccasins (D:6)
  2 black bears (D:5)
  3 orc warriors
  2 ogres
  A kobold brigand (D:7)
  3 phantoms
  Blork the orc (D:4)
  A gnoll sergeant (D:5)
  A bullfrog (D:7)
  10 wights
  4 hounds
  2 jellies
  Crazy Yiuf (D:4)
  4 orc priests
  A gnoll bouda (D:5)
  5 iguanas
  4 orc wizards
  12 gnolls
  11 adders
  A white imp (D:5)
  A worm (D:4)
  24 orcs
  5 bats
  7 endoplasms
  4 giant cockroaches
  7 goblins
  5 hobgoblins
  12 jackals
  2 quokkas
  7 ball pythons
  5 frilled lizards
  4 kobolds (D:7)
  5 rats
164 creatures vanquished.

Notes
Turn   | Place    | Note
-------+----------+-------------------------------------------
     0 | D:1      | Pooter the Minotaur Berserker began the quest for the Orb.
     0 | D:1      | Reached XP level 1. HP: 19/19 MP: 0/0
   199 | D:1      | Reached XP level 2. HP: 27/27 MP: 1/1
   211 | D:1      | Reached skill level 4 in Axes
   254 | D:1      | Reached skill level 1 in Stealth
   584 | D:1      | Found a faded altar of an unknown god.
   827 | D:2      | Reached XP level 3. HP: 33/33 MP: 2/2
   993 | D:2      | Reached ** piety under Trog
  1473 | D:3      | Reached XP level 4. HP: 40/40 MP: 3/3
  1575 | D:3      | Reached skill level 5 in Axes
  1575 | D:3      | Reached XP level 5. HP: 47/47 MP: 4/4
  2562 | D:4      | Noticed a phantom
  2571 | D:4      | Killed a phantom
  2572 | D:4      | Reached skill level 5 in Fighting
  2572 | D:4      | Reached skill level 1 in Ranged Weapons
  2572 | D:4      | Reached XP level 6. HP: 56/56 MP: 5/5
  2573 | D:4      | Noticed Grinder
  2584 | D:4      | Killed Grinder
  2585 | D:4      | Reached skill level 6 in Axes
  2585 | D:4      | Reached XP level 7. HP: 61/61 MP: 6/6
  3004 | D:4      | Noticed Blork the orc
  3012 | D:4      | Killed Blork the orc
  3068 | D:4      | Noticed Menkaure
  3079 | D:4      | Killed Menkaure
  3080 | D:4      | Reached skill level 7 in Axes
  3630 | D:4      | Found a runed translucent door.
  3631 | D:4      | Noticed Crazy Yiuf
  3637 | D:4      | Killed Crazy Yiuf
  3713 | D:5      | Entered Level 5 of the Dungeon
  3852 | D:4      | Reached XP level 8. HP: 66/70 MP: 7/7
  4021 | D:5      | Reached skill level 8 in Axes
  4171 | D:5      | Found Vankoamp's General Store.
  4174 | D:5      | Found Ubum's Specific Store.
  4182 | D:5      | Bought a potion of curing for 39 gold pieces
  4491 | D:5      | Found a staircase to the Ecumenical Temple.
  4503 | D:5      | Found Nauxoija's Armour Shop.
  4610 | D:5      | Reached skill level 5 in Ranged Weapons
  5426 | D:5      | Reached skill level 9 in Axes
  5775 | D:6      | Found Iqeecots's Weapon Shoppe.
  5935 | D:6      | Found Feymue's Armour Shop.
  6117 | D:6      | Reached XP level 9. HP: 79/79 MP: 8/8
  6146 | D:6      | Reached *** piety under Trog
  6207 | D:6      | Found Zyigg's Armour Shop.
  6252 | D:6      | Found Wuim's Book Boutique.
  6647 | D:6      | Reached skill level 10 in Axes
  6710 | D:7      | Noticed Maggie
  6722 | D:7      | Killed Maggie
  7128 | D:7      | Noticed Joseph
  7140 | D:7      | Killed Joseph
  7141 | D:7      | Reached skill level 11 in Axes
  7142 | D:7      | Slain by a wight

Illustrated notes

Levels and vault maps discovered:
D:1:      spicycebolla_green_bress_n_ham_2, layout_basic,
          shapermc_ecumenical_altar_starsandcircs
D:2:      layout_basic, chequers_serial_rivers_small_a
D:3:      layout_loops_cross, kennysheep_minor_cross
D:4:      layout_basic, uniq_menkaure, uniq_grinder, uniq_crazy_yiuf_cottage,
          uniq_blork_the_orc
D:5:      layout_layer_cave, minmay_temple_entry_drinking_statues, serial_shops,
          shop, nicolae_specific_store, minmay_circle_x
D:6:      layout_loops_ring, serial_shops, shop, nicolae_shop_tiny_waterfront,
          shop_fountains, nicolae_shop_hallway_stairs
D:7:      layout_rooms, enter_bailey_3, patterned_corridor, uniq_joseph,
          uniq_maggie

Skill      XL: |  1  2  3  4  5  6  7  8  9 |
---------------+----------------------------+-----
Axes           | 4 5 6 7 9 11 | 11.2
Stealth        | 1 2 3 4 |  4.2
Fighting       | 4 5 6 7 8 |  8.4
Ranged Weapons | 1 3 6 8 |  8.5
Armour         | |  2.4
Dodging        | |  2.1

Action                     |  1- 3 |  4- 6 |  7- 9 || total
---------------------------+-------+-------+-------++-------
  Melee: Hand axe          |    90 |     5 |       ||    95
         Headbutt          |     4 |    12 |    40 ||    56
         Halberd           |       |    73 |     8 ||    81
         War axe           |       |       |   216 ||   216
         Punch             |       |       |     3 ||     3
   Fire: Sling             |     6 |     7 |    32 ||    45
  Throw: Dart              |       |     7 |    15 ||    22
 Invoke: Berserk           |       |     2 |     6 ||     8
         Trog's Hand       |       |     1 |     9 ||    10
  Evoke: Wand              |       |       |     1 ||     1
    Use: Scroll            |     5 |       |    12 ||    17
         Potion            |       |       |     1 ||     1
   Stab: Sleeping          |     1 |       |       ||     1
 Armour: Animal skin       |     7 |       |       ||     7
         Chain mail        |    19 |    38 |    77 ||   134
         Plate armour      |       |       |    27 ||    27
  Dodge: Dodged            |    45 |    31 |    79 ||   155

Table legend: (Time is in decaauts)
 A = Elapsed time spent in this place.
 B = Non-inter-level travel time spent in this place.
 C = Inter-level travel time spent in this place.
 D = Time resting spent in this place.
 E = Time spent auto-exploring this place.
 F = Levels seen in this place.
 G = Mean time per level.
                   A        B        C        D        E       F      G
               +--------+--------+--------+--------+--------+-----+--------+
         Total |   7275 |   6980 |    295 |   1085 |   4566 |   7 | 1039.3 |
       Dungeon |   7275 |   6980 |    295 |   1085 |   4566 |   7 | 1039.3 |
               +--------+--------+--------+--------+--------+-----+--------+

Top non-repeatable levels by time:
     D:5: 1949 daAuts
     D:4: 1624 daAuts
     D:6: 948 daAuts
     D:3: 840 daAuts
     D:1: 746 daAuts
     D:2: 728 daAuts
     D:7: 436 daAuts
